 Dungeon Crawl Stone Soup version 0.25.1-2-g60ff931df9 (webtiles) character file.

Game seed: 17185517809207816798

123 gruber the Ruffian (level 5, -2/44 HPs)
             Began as a Naga Transmuter on Aug 23, 2020.
             Slain by an ice beast (5 damage)
             ... on level 2 of the Dungeon.
             The game lasted 00:02:40 (2683 turns).

gruber the Ruffian (Naga Transmuter)                Turns: 2683, Time: 00:02:41

Health: -2/44      AC:  2    Str: 13    XL:     5   Next: 7%
Magic:  1/8        EV: 10    Int: 14    God:
Gold:   85         SH:  0    Dex: 11    Spells: 2/8 levels left

rFire    . . .     SeeInvis +     - Unarmed
rCold    . . .     Gourm    .   (no shield)
rNeg     . . .     Faith    .   b - +0 robe
rPois    +         Spirit   .   (no helmet)
rElec    .         Reflect  .   (no cloak)
rCorr    .         Harm     .   (no gloves)
MR       .....                  (no barding)
Stlth    +.........             (no amulet)
HPRegen  0.14/turn              (no ring)
MPRegen  0.11/turn              (no ring)

@: appendage (expiring), very slow
A: large, horns 2, see invisible, deformed body, poison resistance, slowness 2,
slow metabolism 1, spit poison 1, AC +1
a: Spit Poison, End Transformation


You were on level 2 of the Dungeon.
You were hungry.
You had grown temporary horns.
You visited 1 branch of the dungeon, and saw 2 of its levels.

You collected 85 gold pieces.

Inventory:

Missiles
 a - 69 arrows
 c - 10 poisoned darts (quivered)
Armour
 b - a +0 robe (worn)
Scrolls
 f - 3 scrolls of remove curse {unknown}
 g - 2 scrolls of identify {unknown}
 h - a scroll of enchant weapon {unknown}
 i - a scroll of teleportation {unknown}
 k - a scroll of immolation {unknown}
Potions
 e - a potion of magic {unknown}
Comestibles
 d - 5 rations
 j - 2 chunks of flesh


   Skills:
 - Level 1.0 Fighting
 - Level 1.5 Dodging
 + Level 5.6 Unarmed Combat
 - Level 2.0 Spellcasting
 - Level 2.0 Transmutations


You had 2 spell levels left.
You knew the following spells:

 Your Spells              Type           Power        Failure   Level  Hunger
a - Beastly Appendage     Tmut           #.....       11%         1    ##.....
b - Sticks to Snakes      Tmut           #.......     16%         2    ###....
c - Spider Form           Tmut/Pois      #.........   43%         3    ####...

Your spell library contained the following spells:

 Spells                   Type           Power        Failure   Level  Hunger
 Animate Skeleton         Necr           N/A          24%         1    ##.....
 Ice Form                 Ice/Tmut       #.......     83%         4    #####..
 Blade Hands              Tmut           #.........   96%         5    ######.


Dungeon Overview and Level Annotations

Branches:
Dungeon (2/15)

Altars:
Kikubaaqudgha
Sif Muna
Vehumet


Innate Abilities, Weirdness & Mutations

You cannot wear boots.
Your serpentine skin is tough. (AC +1)
You have supernaturally acute eyesight. (SInv)
Armour fits poorly on your strangely shaped body.
Your system is resistant to poisons. (rPois)
You cover ground very slowly.
You have a slow metabolism.
You can spit poison.
You have a pair of horns on your head.


Message History

The ice beast hits you but does no damage.
You hit the ice beast.
The ice beast is almost dead.
Your transformation is almost over.
The ice beast closely misses you.
You hit the ice beast.
The ice beast is almost dead.
The ice beast hits you. The ice beast freezes you!
* * * LOW HITPOINT WARNING * * *
You closely miss the ice beast.
The ice beast is almost dead.
The ice beast closely misses you.
You barely miss the ice beast.
The ice beast is almost dead.
You hit the ice beast but do no damage.
The ice beast is almost dead.
The ice beast hits you.
* * * LOW HITPOINT WARNING * * *
The ice beast freezes you.
You die...

P.# #..⌠.........#
..###...P........#
..P..........♣...#
♣.....####......>#
.♣....#..'....♣#.#
♣P....'..#P...♣#.#
.♣...)####...♣.#.#
♣.♣...P..P.)..♣..#
.♣..........♣.♣.@#
♣.♣.P..P......♣.Y#
.♣..§........♣#..#
♣P♣...##.#...♣##.#
.♣§♣..(...#..♣ #.#
♣.♣♣♣.P)...♣♣# #.#
§♣♣♣P♣P...♣.♣ #.#
♣♣♣...♣.....♣ #.#
.P♣.♣♣P....♣.# #.#


You could see an ice beast.

Vanquished Creatures
  A bullfrog skeleton (D:2)
  2 gnolls (D:2)
  2 adders (D:2)
  An ooze (D:2)
  A worm (D:2)
  A dart slug (D:1)
  2 leopard geckos (D:2)
  3 bats
  4 giant cockroaches
  4 goblins (D:1)
  5 hobgoblins
  6 jackals (D:1)
  3 quokkas (D:2)
  A frilled lizard (D:1)
  3 kobolds
  5 rats
44 creatures vanquished.

Notes
Turn   | Place    | Note
-------+----------+-------------------------------------------
     0 | D:1      | gruber the Naga Transmuter began the quest for the Orb.
     0 | D:1      | Reached XP level 1. HP: 18/18 MP: 3/3
   107 | D:1      | Reached XP level 2. HP: 11/25 MP: 3/5
   793 | D:1      | Learned a level 2 spell: Sticks to Snakes
   796 | D:1      | Reached skill level 4 in Unarmed Combat
  1255 | D:1      | Reached XP level 3. HP: 29/31 MP: 6/6
  1965 | D:2      | Reached XP level 4. HP: 38/38 MP: 7/7
  2204 | D:2      | Learned a level 3 spell: Spider Form
  2237 | D:2      | Reached skill level 5 in Unarmed Combat
  2460 | D:2      | Reached XP level 5. HP: 44/44 MP: 6/8
  2594 | D:2      | Found a radiant altar of Vehumet.
  2594 | D:2      | Found an ancient bone altar of Kikubaaqudgha.
  2596 | D:2      | Found a shimmering blue altar of Sif Muna.
  2603 | D:2      | Identified Kikubaaqudgha's Compendium of Dark Magic
  2657 | D:2      | Noticed an ice beast
  2683 | D:2      | Slain by an ice beast

Illustrated notes

Levels and vault maps discovered:
D:1:      co_arrival_random_square_maze, layout_basic
D:2:      wad_woods_settlement, layout_basic,
          grunt_temple_overflow_magic_moments, st_stairs_13

Skill      XL: |  1  2  3  4 |
---------------+-------------+-----
Unarmed Combat | 4 5 |  5.6
Fighting       | |  1.0
Dodging        | |  1.5
Spellcasting   | |  2.0
Transmutations | |  2.0

Action                   |  1- 3 |  4- 6 || total
-------------------------+-------+-------++-------
Melee: Unarmed           |    80 |    75 ||   155
       Headbutt          |     3 |     3 ||     6
       Punch             |     2 |       ||     2
Throw: Dart              |    13 |     3 ||    16
 Cast: Beastly Appendage |     9 |     4 ||    13
       Sticks to Snakes  |       |     6 ||     6
 Abil: Spit Poison       |     3 |     3 ||     6
 Stab: Sleeping          |       |     1 ||     1
  Eat: Chunk             |     2 |     2 ||     4
Armor: Robe              |     8 |    13 ||    21
Dodge: Dodged            |    53 |    48 ||   101
